 Dungeon Crawl Stone Soup version 0.21-a0-78-g82a99e0 (webtiles) character file.

772 HAL9000 the Cutter (level 7, -3/34 HPs)
             Began as a Vine Stalker Assassin on June 21, 2017.
             Was an Initiate of Dithmenos.
             Killed from afar by an orc wizard (6 damage)
             ... with a magic dart
             ... on level 5 of the Dungeon.
             The game lasted 00:09:04 (4770 turns).

HAL9000 the Cutter (Vine Stalker Assassin)          Turns: 4770, Time: 00:09:04

Health: -3/34      AC:  8    Str: 15    XL:     7   Next: 83%
Magic:  0/8        EV: 11    Int: 11    God:    Dithmenos [......]
Gold:   207        SH:  6    Dex: 16    Spells: 6/6 levels left

rFire    . . .     SeeInvis .   a - +2 dagger
rCold    . . .     Gourm    .   u - +1 buckler {AC+3}
rNeg     . . .     Faith    .   c - +0 robe
rPois    .         Spirit   +   j - +0 helmet
rElec    .         Reflect  .   d - +0 cloak
rCorr    +         Harm     .   (no gloves)
MR       .....                  n - +0 pair of boots
Stlth    +++.......             (no amulet)
HPRegen  0.51/turn              y - ring of resist corrosion
MPRegen  0.11/turn              E - ring of flight

@: no status effects
A: fangs 2, regeneration 1, magic shield, antimagic bite, no potion heal 3, rot
immunity
a: Renounce Religion, Evoke Flight


You were on level 5 of the Dungeon.
You worshipped Dithmenos.
Dithmenos was noncommittal.
You were not hungry.

You visited 2 branches of the dungeon, and saw 6 of its levels.

You collected 207 gold pieces.

Inventory:

Hand Weapons
 a - a +2 dagger (weapon)
 b - a +0 blowgun
Missiles
 e - 7 poisoned needles
 f - 2 curare-tipped needles
 A - 2 steel javelins (quivered)
Armour
 c - a +0 robe (worn)
 d - a +0 cloak (worn)
 j - a +0 helmet (worn)
 n - a +0 pair of boots (worn)
 u - a +1 buckler of protection (worn)
Jewellery
 y - a ring of resist corrosion (left hand)
 E - a ring of flight (right hand)
Wands
 o - a wand of digging (10/24)
Scrolls
 h - 3 scrolls of recharging {unknown}
 p - 2 scrolls of remove curse {unknown}
 q - a scroll of amnesia {unknown}
 v - a scroll of teleportation {unknown}
 x - a scroll of random uselessness {unknown}
 B - a scroll of enchant weapon {unknown}
 C - 2 scrolls of immolation {unknown}
 H - a scroll of summoning {unknown}
Potions
 i - 2 potions of might
 l - 3 potions of berserk rage
 m - 2 potions of curing
 s - a potion of magic
 w - a potion of agility
 z - 3 potions of flight
 D - a potion of resistance {unknown}
 F - a potion of heal wounds {unknown}
 J - a potion of cancellation {unknown}
Comestibles
 g - 6 bread rations
 I - a royal jelly


   Skills:
 - Level 1.7 Fighting
 + Level 6.3 Short Blades
 - Level 1.7 Throwing
 - Level 0.7 Dodging
 - Level 4.8 Stealth
 + Level 4.4 Shields


You had 6 spell levels left.
You didn't know any spells.

Dungeon Overview and Level Annotations

Branches:
Dungeon (5/15)             Temple (1/1) D:5

Altars:
Ashenzari
Cheibriados
Dithmenos
Elyvilon
Fedhas
Gozag
Hepliaklqana
Kikubaaqudgha
Makhleb
Nemelex Xobeh
Sif Muna
Trog
Uskayaw
Vehumet
Wu Jian
Xom
Yredelemnul
Zin


Innate Abilities, Weirdness & Mutations

You have extremely sharp teeth.
Your natural rate of healing is unusually fast.
When hurt, damage is shared between your health and your magic reserves.
Your bite disrupts and absorbs the magic of your enemies.
Potions cannot restore your health.
You are immune to rotting.


Message History

You feel less confused.
The orc priest calls down the wrath of Beogh upon you.
Beogh smites you! The orc wizard hits you with a dagger.
A magic dart appears from out of thin air!
The magic dart hits you!
Unknown command.
The orc priest mumbles some strange prayers to Beogh against you.
Beogh smites you!
* * * LOW HITPOINT WARNING * * *
Okay, then.
Unknown command.
Okay, then.
Unknown command.
Okay, then.
The orc wizard points at you and mumbles some strange words.
The magic dart hits you!
* * * LOW HITPOINT WARNING * * *
The orc wizard points at you and mumbles some strange words.
The magic dart hits you!
You die...

...# #.....# ...#
#.....# ...# #.....#
...# #.....# ...#
#...o.#########
...######....Zo.......#
####..................#
#..................#
#............@.....#
#..................#
####..................#
....#'###.............#
....#...'.............#
....#...#.............#
....#...#.......<.....#
....#...#.............#
....#####.............#


You could see an orc priest, an orc wizard and a howler monkey zombie.

Vanquished Creatures
  The ghost of HAL9000 the Cutter, a novice VSAs (D:5)
  2 ogres
  2 scorpions
  A jelly (D:4)
  A centaur skeleton (D:5)
  A hound (D:5)
  4 gnolls (D:3)
  A worker ant zombie (D:5)
  5 adders
  3 shadow imps (D:5)
  2 adder skeletons (D:5)
  An adder zombie (D:5)
  A worm (D:3)
  4 leopard geckos
  4 orcs (D:3)
  A ball python (D:2)
  3 bats
  8 giant cockroaches
  10 goblins
  5 hobgoblins
  4 jackals (D:1)
  8 kobolds
  A quokka (D:2)
  6 frilled lizards
  5 rats
84 creatures vanquished.

Vanquished Creatures (others)
  An adder (D:5)
1 creature vanquished.

Grand Total: 85 creatures vanquished

Notes
Turn   | Place    | Note
-------+----------+-------------------------------------------
     0 | D:1      | HAL9000 the Vine Stalker Assassin began the quest for the Orb.
     0 | D:1      | Reached XP level 1. HP: 11/11 MP: 2/2
    30 | D:1      | Reached skill level 2 in Short Blades
   229 | D:1      | Reached XP level 2. HP: 15/15 MP: 3/3
   545 | D:1      | Reached skill level 3 in Short Blades
   683 | D:1      | Reached XP level 3. HP: 15/18 MP: 4/4
  1525 | D:2      | Gained mutation: Your natural rate of healing is unusually fast. [Vine Stalker growth]
  1525 | D:2      | Reached XP level 4. HP: 23/23 MP: 5/5
  1758 | D:3      | Reached skill level 4 in Short Blades
  1886 | D:3      | Reached XP level 5. HP: 26/26 MP: 6/6
  2089 | D:3      | Reached skill level 1 in Shields
  2828 | D:4      | Noticed an ogre
  2837 | D:4      | Killed an ogre
  2837 | D:4      | Reached skill level 5 in Short Blades
  2837 | D:4      | Reached XP level 6. HP: 30/30 MP: 7/7
  3764 | D:5      | Entered Level 5 of the Dungeon
  3903 | D:5      | Reached XP level 7. HP: 34/34 MP: 8/8
  4470 | D:5      | Found a staircase to the Ecumenical Temple.
  4558 | D:5      | Noticed HAL9000's ghost (novice VSAs)
  4570 | D:5      | Killed HAL9000's ghost
  4570 | D:5      | Reached skill level 6 in Short Blades
  4615 | Temple   | Entered the Ecumenical Temple
  4681 | Temple   | Became a worshipper of Dithmenos the Shadowed
  4770 | D:5      | Killed from afar by an orc wizard

Vault maps used:
D:1:      kennysheep_arrival_seaside
D:2:      grunt_ministairs_9
D:5:      lemuel_temple_firewalk_b, first_bread
Temple:   compressed_dpeg_circular_temple

Skill      XL: |  1  2  3  4  5  6  7 |
---------------+----------------------+-----
Short Blades   | 2 3 4 5 6 |  6.3
Shields        | 2 3 4 |  4.4
Fighting       | |  1.7
Throwing       | |  1.7
Dodging        | |  0.7
Stealth        | |  4.8

Action                   |  1- 3 |  4- 6 |  7- 9 || total
-------------------------+-------+-------+-------++-------
Melee: Dagger            |    78 |   164 |    59 ||   301
       Bite              |    12 |    54 |    16 ||    82
 Fire: Blowgun           |       |     5 |       ||     5
Throw: Javelin           |       |     2 |       ||     2
  Use: Scroll            |       |     5 |     2 ||     7
       Potion            |       |       |     2 ||     2
 Stab: Sleeping          |    17 |     5 |       ||    22
  Eat: Chunk             |     1 |     5 |     3 ||     9
       Royal jelly       |       |     1 |       ||     1
       Fruit             |       |     1 |       ||     1
Armor: Robe              |    16 |    30 |    16 ||    62
Dodge: Dodged            |    40 |    56 |    20 ||   116
Block: Buckler           |       |    24 |    10 ||    34
